 Dungeon Crawl Stone Soup version 0.30-a0-250-g41c1d76940 (webtiles) character file.

Game seed: 18163618094182465125

2096 Flugkiller the Covert (level 9, 0/58 (61) HPs)
             Began as an Octopode Delver on Oct 12, 2022.
             Was a Believer of Wu Jian.
             Slain by a wight
             ... wielding a +5 halberd
              (20 damage)
             ... on level 7 of the Dungeon.
             The game lasted 00:07:16 (6698 turns).

Flugkiller the Covert (Octopode Delver)             Turns: 6698, Time: 00:07:16

HP:   0/58 (61)     AC:  1    Str: 11    XL:     9   Next: 27%
MP:   9/9           EV: 17    Int: 12    God:    Wu Jian [**....]
Gold: 415           SH:  0    Dex: 18    Spells: 8/8 levels left

rFire   . . .      SeeInvis .    g - +2 short sword (holy)
rCold   . . .      Faith    .    (no shield)
rNeg    . . .      Spirit   .    (helmet restricted)
rPois   .          Reflect  .    (no amulet)
rElec   .          Harm     .    (no ring)
rCorr   .          Rampage  .    (no ring)
Will    .....                    (no ring)
Stlth   ++++++....               (no ring)
HPRegen 0.29/turn                (no ring)
MPRegen 0.11/turn                (no ring)
                                 (no ring)
                                 (no ring)

@: studying Axes, lightly drained
A: almost no armour, amphibious, 8 rings, camouflage 1, gelatinous body 1,
(nimble swimmer 1), tentacles
a: Renounce Religion, Wall Jump


You were on level 7 of the Dungeon.
You worshipped Wu Jian.
Wu Jian was pleased with you.
You visited 1 branch of the dungeon, and saw 7 of its levels.
You also visited: Sewer.

You collected 415 gold pieces.

Inventory:

Hand Weapons
 a - a +0 short sword
 g - a +2 short sword of holy wrath (weapon)
   (You took it off a kobold in a sewer)
 m - a +3 dagger
   (You took it off a kobold on level 3 of the Dungeon)
 v - the +5 hand axe "Death Rattle" {speed, Contam rN+++ rCorr Int-3}
   (You found it on level 3 of the Dungeon)

   Attacks with this weapon are significantly faster.
   Int:       It affects your intelligence (-3).
   rN:        It renders you almost immune to negative energy.
   Contam:    It causes magical contamination when unequipped.
   rCorr:     It protects you from acid and corrosion.
 y - a +0 long sword
   (You found it on level 3 of the Dungeon)
 G - a +0 dagger of venom
   (You took it off an orc wizard on level 6 of the Dungeon)
Missiles
 F - a throwing net (quivered)
Jewellery
 p - a ring of flight
   (You found it on level 2 of the Dungeon)
Wands
 f - a wand of digging (3)
 C - a wand of light (9)
   (You took it off Robin on level 4 of the Dungeon)
 E - a wand of paralysis (8)
   (You found it on level 5 of the Dungeon)
Scrolls
 b - 3 scrolls of fog
 c - a scroll of magic mapping
 l - 2 scrolls of vulnerability
 o - a scroll of fear
 t - 2 scrolls of teleportation
 u - 2 scrolls of poison
 A - 2 scrolls of enchant weapon
 D - a scroll of torment
 H - a scroll of amnesia {unknown}
 I - a scroll of brand weapon {unknown}
Potions
 d - 3 potions of might
 e - a potion of attraction
 h - a potion of haste
 i - a potion of magic {unknown}
 j - 2 potions of flight
 k - a potion of lignification {unknown}
 n - 2 potions of resistance
 q - a potion of cancellation {unknown}
 s - a potion of berserk rage {unknown}
 w - 4 potions of heal wounds
 x - 2 potions of curing {unknown}
 z - 2 potions of degeneration {unknown}
 B - a potion of brilliance {unknown}


   Skills:
 + Level 5.2 Fighting
 - Level 6.0 Short Blades
 - Level 7.0 Dodging
 - Level 11.0 Stealth
 - Level 3.0 Evocations


You had 8 spell levels left.
You didn't know any spells.
Your spell library contained the following spells:

 Spells                   Type           Power      Damage    Failure   Level
 Apportation              Tloc           0%         N/A       32%         1
 Ozocubu's Armour         Ice            0%         N/A       69%         3
 Passage of Golubria      Tloc           0%         N/A       97%         4
 Alistair's Intoxication  Tmut/Pois      0%         N/A       100%        5
 Blade Hands              Tmut           0%         N/A       100%        5
 Fireball                 Conj/Fire      0%         3d3       100%        5
 Iskenderun's Battlesphe  Conj           0%         2d6       100%        5
 Silence                  Hex/Air        0%         N/A       100%        5
 Conjure Ball Lightning   Conj/Air       0%         3x3d6     100%        6
 Iron Shot                Conj/Erth      0%         9d1       100%        6
 Orb of Destruction       Conj           0%         9d5       100%        7
 Ozocubu's Refrigeration  Ice            0%         4d7       100%        7
 Lehudib's Crystal Spear  Conj/Erth      0%         10d2      100%        8
 Animate Armour           Summ/Erth      Unusable   N/A       N/A         4

Dungeon Overview and Level Annotations

Branches:
Dungeon (7/15) Zot: 26686  Temple (0/1) D:4           Sewer (visited)

Altars:
Elyvilon
Nemelex Xobeh
Wu Jian
Yredelemnul


Innate Abilities, Weirdness & Mutations

You cannot wear most types of armour.
You are amphibious.
You can wear up to eight rings at the same time.
Your skin changes colour to match your surroundings (Stealth+).
Your rubbery body absorbs attacks. (AC +1, EV +1)
((You are camouflaged when in or above water. (Stealth+)))
You have tentacles for arms and can constrict up to eight enemies at once.


Message History

You hit the orc. You grab the orc. You squeeze the orc.
The orc is almost dead.
You hit the orc but do no damage. You squeeze the orc.
You kill the orc!
The Council accepts your kill.
There is a stone staircase leading up here.
You climb upwards.
There is a stone staircase leading down here.
There is a stone staircase leading down here.
You start resting.
HP restored.
You climb downwards.
There is a stone staircase leading up here.
Found a stone staircase leading down.
You lunge at the orc priest, in a flurry of attacks.
The helpless orc priest fails to defend itself.
You skewer the orc priest like a kebab!!!
You kill the orc priest!
The Council accepts your kill.
Your life force feels restored.
You lunge at the orc.
The helpless orc fails to defend itself.
You skewer the orc like a kebab!!!
You kill the orc!
The Council accepts your kill.
You lunge at the orc wizard.
The helpless orc wizard fails to defend itself.
You skewer the orc wizard like a kebab!!!
You kill the orc wizard!
The Council accepts your kill.
You see here 11 gold pieces.
You lunge at the black bear.
The helpless black bear fails to defend itself.
You stick the black bear like a pincushion!!!
You kill the black bear!
The Council accepts your kill.
Training target 11.0 for Stealth reached!
Your Stealth skill increases to level 11!
You need to enable at least one skill for training.
You now have 397 gold pieces (gained 11).
Things that are here:
a +0 dagger; a +0 robe; an orc corpse
Things that are here:
a +0 morningstar; a +0 leather armour; an orc corpse An orc is nearby!
An orc is nearby!
No target in view!
No target in view!
You see here a black bear skeleton.
You barely miss the orc.
The orc shouts!
Your grab misses the orc. The orc hits you with a +0 hand axe.
You hit the orc. You grab the orc. You squeeze the orc.
You kill the orc!
The Council accepts your kill.
You see here a +0 hand axe.
You see here a black bear skeleton.
You now have 415 gold pieces (gained 18).
Things that are here:
a +0 dagger; an orc corpse A wight is nearby!
A wight is nearby!
A wight is nearby!
Found 12 gold pieces.
You see here a scroll of enchant weapon.
You lunge at the wight, in a flurry of attacks.
You hit the wight.
The wight convulses.
You grab the wight.
The wight is lightly damaged.
You hit the wight but do no damage. You squeeze the wight.
The wight is moderately damaged.
You constrict the wight, but do no damage.
The wight barely misses you. The wight hits you with a +5 halberd!
You feel drained.
Okay, then.
You release your grip on the wight.
You spin and attack the wight.
You hit the wight.
The wight convulses.
The wight is moderately damaged.
You spin and attack the wight.
You hit the wight but do no damage.
The wight is moderately damaged.
The wight barely misses you. x2
You spin and attack the wight.
You closely miss the wight. You grab the wight.
The wight is moderately damaged.
You spin and attack the wight repeatedly.
You hit the wight but do no damage.
The wight is moderately damaged.
You hit the wight but do no damage. Your grab misses the wight.
The wight is moderately damaged.
You constrict the wight, but do no damage.
The wight misses you. The wight completely misses you.
You hit the wight.
The wight convulses.
The wight is almost destroyed.
You constrict the wight, but do no damage.
The wight hits you with a +0 halberd!
You feel drained. The wight hits you with a +5 halberd!
You hit the wight but do no damage.
You squeeze the wight, but do no damage.
The wight is almost destroyed.
You constrict the wight, but do no damage.
The wight barely misses you. The wight hits you with a +5 halberd!!
You die...

.........................##..
..(....##....).<.........#
.......#..#.................
.#................######.....
...#...#...#...)..# .....
.......#.#.#......######..##.
..................#.......#
........#..#...?.........
..........##....@.#....
....#####.......zz.......
..........#......
#####...###...... ......
..$.. ####### ...## .... ..##


You could see 2 wights.

Vanquished Creatures
  A gargoyle (D:7)
  A steam dragon (D:6)
  A sky beast (D:6)
  An ice beast (D:7)
  2 black bears (D:7)
  An ogre (D:4)
  A phantom (D:5)
  A kobold brigand (Sewer)
  2 bullfrogs (D:6)
  A scorpion (D:5)
  A wight (D:7)
  A howler monkey (D:7)
  2 hounds
  4 orc priests
  4 jellies
  4 orc wizards
  Natasha (thrice) (D:4)
  An iguana (D:4)
  Robin (D:4)
  4 gnolls (D:5)
  7 adders
  3 river rats
  2 ufetubi (D:6)
  A dart slug (D:4)
  20 orcs
  10 ball pythons
  6 bats
  8 endoplasms
  8 giant cockroaches
  14 goblins
  7 hobgoblins
  8 jackals
  8 quokkas
  4 frilled lizards
  11 kobolds
  12 rats
  A spectral orc (D:4)
167 creatures vanquished.

Vanquished Creatures (others)
  6 fungi (D:5)
6 creatures vanquished.

Grand Total: 173 creatures vanquished

Notes
Turn   | Place    | Note
-------+----------+-------------------------------------------
     0 | D:5      | Flugkiller the Octopode Delver began the quest for the Orb.
     0 | D:5      | Reached XP level 1. HP: 16/16 MP: 1/1
    78 | D:5      | Reached XP level 2. HP: 17/21 MP: 2/2
   105 | D:5      | Found a glowing drain.
   109 | Sewer    | Entered a sewer
   122 | Sewer    | Reached XP level 3. HP: 7/26 MP: 3/3
   266 | Sewer    | Noticed a kobold brigand
   334 | Sewer    | Killed a kobold brigand
   335 | Sewer    | Reached XP level 4. HP: 12/31 MP: 4/4
   449 | Sewer    | Found a glowing silver altar of Zin.
   631 | D:4      | Noticed an ogre
   638 | D:4      | Noticed Natasha
   648 | D:4      | Reached skill level 5 in Dodging
   657 | D:4      | Killed Natasha
   658 | D:4      | Reached XP level 5. HP: 18/36 MP: 5/5
  1196 | D:2      | Found a faded altar of an unknown god.
  1455 | D:2      | Reached XP level 6. HP: 43/43 MP: 6/6
  2675 | D:3      | Identified the +5 hand axe "Death Rattle" {speed, Contam
                  | rN+++ rCorr Int-3}
  2850 | D:3      | Found an ornate altar of the Wu Jian Council.
  2869 | D:3      | Became a worshipper of the Wu Jian Council
  3357 | D:4      | Reached skill level 5 in Fighting
  3423 | D:4      | Found a staircase to the Ecumenical Temple.
  3534 | D:4      | Noticed Natasha
  3540 | D:4      | Killed Natasha
  3568 | D:4      | Found a white marble altar of Elyvilon.
  3574 | D:4      | Noticed Natasha
  3579 | D:4      | Killed Natasha
  3580 | D:4      | Reached XP level 7. HP: 47/50 MP: 7/7
  3585 | D:4      | Noticed Robin
  3596 | D:4      | Killed Robin
  4135 | D:4      | Found a basalt altar of Yredelemnul.
  4174 | D:4      | Reached * piety under Wu Jian
  4175 | D:4      | Reached skill level 1 in Evocations
  4269 | D:5      | Found a sparkling altar of Nemelex Xobeh.
  4788 | D:6      | Reached skill level 5 in Short Blades
  4788 | D:6      | Reached XP level 8. HP: 55/55 MP: 8/8
  5484 | D:6      | Reached skill level 7 in Stealth
  6381 | D:7      | Noticed a gargoyle
  6383 | D:7      | Killed a gargoyle
  6384 | D:7      | Reached skill level 9 in Stealth
  6384 | D:7      | Reached XP level 9. HP: 61/61 MP: 9/9
  6389 | D:7      | Reached ** piety under Wu Jian
  6396 | D:7      | Reached skill level 10 in Stealth
  6658 | D:7      | Reached skill level 11 in Stealth
  6698 | D:7      | Slain by a wight

Illustrated notes

Levels and vault maps discovered:
D:1:      psy_arrival_radial02, layout_basic, minmay_crystal_water,
          minmay_close_crescents
D:2:      layout_loops_ring, chequers_ecumenical_altar_grove,
          kennysheep_doodads, minmay_misc_feat_diagonals,
          minmay_misc_feat_cross, grunt_decor_mini_mirrors, serial_bayou_pond_a
D:3:      layout_loops_ring, overflow_temple_1_default, dreamdust_wishing_well
D:4:      layout_basic, yredelemnul_forgotten_temple_becter, elyvilon_altar_1,
          minmay_temple_entry_glass, fountainhead, uniq_robin, uniq_natasha
D:5:      layout_loops_ring, mainiacjoe_overflow_alcove_4, gup_sewer_entry_bowl,
          minmay_misc_feat_more_columns
D:6:      layout_layer_cave, serial_rivers, chequers_serial_rivers_micro_a,
          chequers_serial_rivers_large_a, chequers_serial_rivers_micro_d,
          chequers_serial_rivers_micro_a
D:7:      layout_rooms, palyth_stone_intersect

Skill      XL: |  1  2  3  4  5  6  7  8  9 |
---------------+----------------------------+-----
Dodging        | 3 4 5 7 |  7.0
Short Blades   | 3 5 6 |  6.0
Fighting       | 5 |  5.2
Evocations     | 2 3 |  3.0
Stealth        | 9 11 | 11.0

Action                   |  1- 3 |  4- 6 |  7- 9 || total
-------------------------+-------+-------+-------++-------
Melee: Short sword       |    30 |   172 |   168 ||   370
       Tentacles         |     5 |    30 |    40 ||    75
       Constrict         |     4 |    38 |    31 ||    73
       Punch             |       |     3 |     5 ||     8
Invok: Lunge             |       |     5 |    30 ||    35
       Whirlwind         |       |       |    10 ||    10
Evoke: Wand              |       |       |     2 ||     2
  Use: Potion            |     1 |       |       ||     1
       Scroll            |       |     7 |     2 ||     9
 Stab: Sleeping          |     4 |    34 |    17 ||    55
       Distracted        |       |       |     3 ||     3
Armor: Skin              |       |    10 |     9 ||    19
Dodge: Dodged            |    14 |    78 |    92 ||   184

Table legend: (Time is in decaauts)
 A = Elapsed time spent in this place.
 B = Non-inter-level travel time spent in this place.
 C = Inter-level travel time spent in this place.
 D = Time resting spent in this place.
 E = Time spent auto-exploring this place.
 F = Levels seen in this place.
 G = Mean time per level.
                   A        B        C        D        E       F      G
               +--------+--------+--------+--------+--------+-----+--------+
         Total |   6643 |   6323 |    320 |   1242 |   3576 |   8 |  830.4 |
       Dungeon |   6288 |   5968 |    320 |   1131 |   3515 |   7 |  898.3 |
         Sewer |    354 |    354 |      0 |    111 |     61 |   1 |  354.0 |
               +--------+--------+--------+--------+--------+-----+--------+

Top non-repeatable levels by time:
     D:6: 1527 daAuts
     D:3: 1024 daAuts
     D:4: 988 daAuts
     D:5: 929 daAuts
     D:2: 928 daAuts
     D:1: 651 daAuts
   Sewer: 354 daAuts
     D:7: 239 daAuts
